 Dungeon Crawl Stone Soup version 0.20.1-1-g8b1a95d (console) character file.

220881 nekel the Covert (level 19, -9/114 HPs)
             Began as a Halfling Skald on Sept 9, 2017.
             Was a High Priest of Okawaru.
             Mangled by a faun
             ... wielding a +0 spear
              (16 damage)
             ... on level 3 of the Shoals on Sept 11, 2017.
             The game lasted 05:24:51 (33388 turns).

nekel the Covert (Halfling Skald)                  Turns: 33388, Time: 05:24:52

Health: -9/114     AC: 17    Str: 12    XL:     19   Next: 95%
Magic:  26/26      EV: 27    Int: 17    God:    Okawaru [*****.]
Gold:   1770       SH: 11    Dex: 16    Spells: 2/28 levels left

rFire    + + .     SeeInvis +   b - +4 blowgun
rCold    + . .     Gourm    .   q - +2 buckler {rN+}
rNeg     + . .     Faith    +   X - +2 ring mail {rF+}
rPois    +         Spirit   .   y - +0 mask of the Dragon {MR+ Slay+3 SInv}
rElec    .         Reflect  .   R - scarf {rC+ rF+}
rCorr    .         Harm     .   g - +2 pair of gloves
MR       ++...     Clarity  +   k - +2 pair of boots {Fly}
Stlth    ++++++....             N - amulet of faith
Regen    0.3/turn               Q - +3 ring of evasion
MPRegen  0.2/turn               i - ring of poison resistance

@: about to teleport, heroism, flying
A: clarity, mutation resistance 2
}: 1/15 runes: gossamer
a: Heroism, Finesse, Renounce Religion, Stop Flying


You were on level 3 of the Shoals.
You worshipped Okawaru.
Okawaru was extremely pleased with you.
You were not hungry.

You visited 6 branches of the dungeon, and saw 31 of its levels.
You also visited: Labyrinth, Ossuary and Ice Cave.

You collected 3235 gold pieces.
You spent 1465 gold pieces at shops.

Inventory:

Hand Weapons
 a - a +4 rapier of electrocution
 b - a +4 blowgun (weapon)
 c - a +0 fustibalus
Missiles
 r - 305 sling bullets
 t - 136 poisoned needles
 z - 4 curare-tipped needles (quivered)
 S - 4 throwing nets
 U - 11 needles of confusion
 V - 9 needles of paralysis
Armour
 g - a +2 pair of gloves (worn)
 k - a +2 pair of boots of flying (worn)
 q - a +2 buckler of positive energy (worn)
 y - the +0 mask of the Dragon (worn) {MR+ Slay+3 SInv}
   (You found it in an ice cave)

   It affects your accuracy and damage with ranged weapons and melee attacks
   (+3).
   It affects your resistance to hostile enchantments.
   It lets you see invisible.
 A - a +1 shield of cold resistance
 R - a scarf of resistance (worn)
 X - a +2 ring mail of fire resistance (worn)
Jewellery
 i - a ring of poison resistance (right hand)
 x - an uncursed ring of see invisible
 I - an uncursed ring of positive energy
 N - an amulet of faith (around neck)
 Q - a +3 ring of evasion (left hand)
Wands
 f - a wand of iceblast (3/15)
 j - a wand of acid (8/15)
 l - a wand of iceblast (5/15)
 o - a wand of paralysis (4/24)
 s - a wand of iceblast (10/15)
 C - a wand of iceblast (5/15)
 F - a wand of iceblast (5/15)
 H - a wand of digging (11/24)
 P - a wand of iceblast (6/15)
 T - a wand of paralysis (18/24)
 Y - a wand of iceblast (10/15)
Scrolls
 e - a scroll of enchant weapon
 m - 3 scrolls of silence
 v - 4 scrolls of magic mapping
 w - 2 scrolls of holy word {unknown}
 D - 3 scrolls of immolation
 G - 6 scrolls of teleportation
 K - 4 scrolls of amnesia
 L - 4 scrolls of blinking
 Z - 13 scrolls of remove curse
Potions
 n - 2 potions of cancellation
 p - a potion of brilliance
 u - 2 potions of resistance
 B - 4 potions of curing
 O - 5 potions of ambrosia
Books
 J - a book of Burglary

   Spells                             Type                      Level
   a - Swiftness                      Charms/Air                   2
   b - Passwall                       Transmutation/Earth          2
   c - Passage of Golubria            Translocation                4
   d - Lee's Rapid Deconstruction     Earth                        5
   e - Darkness                       Hexes                        6
   f - Invisibility                   Hexes                        6
Miscellaneous
 M - a fan of gales
Comestibles
 d - 12 bread rations
 h - 26 meat rations


   Skills:
 + Level 5.5(10.5) Fighting
 - Level 10.0(17.2) Short Blades
   Level 10.0(16.2) Long Blades
 - Level 10.0(15.0) Throwing
 - Level 10.0(15.0) Armour
 - Level 10.0(15.0) Dodging
 - Level 12.0(17.0) Stealth
 - Level 10.0(15.0) Shields
 - Level 5.0 Spellcasting
 - Level 5.0 Hexes
 - Level 10.0 Charms
 + Level 9.7 Necromancy
 - Level 10.0 Translocations
 * Level 8.1 Air Magic
 - Level 10.0 Invocations
 + Level 7.8 Evocations


You had 2 spell levels left.
You knew the following spells:

 Your Spells              Type           Power        Failure   Level  Hunger
a - Confuse               Hex            ###.....     10%         3    ###....
b - Freezing Cloud        Conj/Ice/Air   ##........   100%        6    #######
x - Shroud of Golubria    Chrm/Tloc      #####.....   1%          2    #......
z - Regeneration          Chrm/Necr      #####.....   1%          3    ###....
A - Apportation           Tloc           #####.       1%          1    None
P - Portal Projectile     Hex/Tloc       ####..       3%          3    ###....
S - Silence               Hex/Air        ####......   41%         5    ######.
X - Ozocubu's Armour      Chrm/Ice       ###.....     10%         3    ###....


Dungeon Overview and Level Annotations

Branches:
Dungeon (15/15)            Temple (1/1) D:7            Lair (6/6) D:11
 Shoals (3/4) Lair:3       Spider (4/4) Lair:4        Slime (0/5) Lair:5
    Orc (2/2) D:11            Elf (0/3) Orc:2        Vaults (0/5) D:14
 Depths (0/5) D:15

Altars:
Ashenzari
Cheibriados
Dithmenos
Elyvilon
Fedhas
Gozag
Hepliaklqana
Kikubaaqudgha
Nemelex Xobeh
Okawaru
Qazlal
Ru
Sif Muna
Trog
Uskayaw
Vehumet
Xom
Yredelemnul
Zin
The Shining One
Beogh

Shops:
D:8 (?   D:15 *   Orc:2 (:?(?:

Annotations:
Spider:2 exclusion: Roxanne, Roxanne


Innate Abilities, Weirdness & Mutations

You are small and have problems with some larger weapons.
You are somewhat resistant to both further mutation and mutation removal.
You possess an exceptional clarity of mind.


Message History

The merfolk javelineer looks even sicker.
The merfolk javelineer convulses.
The merfolk javelineer seems to be slow for longer.
The merfolk javelineer is severely wounded.
The merfolk hits you but does no damage.
The merfolk throws a tomahawk.
The tomahawk hits you.
* * * LOW HITPOINT WARNING * * *
Firing (i - inventory. (,) - cycle):
z - 5 curare-tipped needles (quivered)
Press: ? - help, Shift-Dir - straight line, f - merfolk, p - merfolk javelineer
Aim: a merfolk, wielding a trident You shoot a curare-tipped needle.
The curare-tipped needle hits the merfolk.
The merfolk is poisoned.
The merfolk convulses.
The merfolk seems to slow down.
The merfolk is lightly wounded.
You hear a splash.
The merfolk javelineer throws a javelin.
The javelin hits you!!
* * * LOW HITPOINT WARNING * * *
The faun hits you from afar with a spear!
You die...

......≈≈≈≈≈≈≈≈.(((..≈≈(≈≈≈≈≈≈≈..
≈.....≈(≈c≈≈...<###(≈≈≈≈≈≈≈≈P≈≈
≈≈.≈≈..≈.....≈(## ##(≈≈≈≈≈.≈PP
≈≈≈≈≈>...##.≈≈.# #.≈≈≈≈≈≈≈PP
≈≈≈≈≈≈≈..##.≈..# ##.≈(≈≈≈...≈ ≈
≈≈≈≈≈≈≈≈>...≈..####.≈PPP≈..#..P≈.
...≈≈≈≈......####.P(≈PPP≈P##.....
......≈≈≈...## ##PP≈≈≈≈P≈.[.....≈
..≈....c(≈..# #@.≈≈(≈PP≈.#.≈≈.≈.
..≈..#......## ##m≈m.(≈≈≈##.≈≈...
#.≈≈.##.m≈≈..###.cm≈)≈)≈###.≈≈≈..
.........≈≈≈.(mcmm≈≈≈(≈.###.≈≈≈..
.≈≈≈..≈≈m≈≈≈m≈≈≈≈≈≈≈≈≈≈.#$..≈≈.§
.≈≈≈≈≈≈≈≈≈≈≈≈≈≈≈≈≈(≈≈≈P.....≈..≈
.≈≈≈≈≈≈≈≈≈m≈≈≈≈≈≈≈≈≈≈≈P≈≈≈.≈≈≈≈≈
.≈≈≈≈≈≈≈≈≈≈≈≈≈≈≈≈≈≈≈≈P≈≈P≈≈≈≈≈m≈
....≈≈≈≈≈≈≈≈≈≈≈≈≈≈≈P≈≈≈≈≈≈≈≈≈≈≈≈


You could see a merfolk javelineer, 3 merfolk and a faun.

Vanquished Creatures
  Nikola (Spider:2)
  Frances (D:14)
  The ghost of Toogi the Basher, an adept TrHu of Hepliaklqana (Spider:4)
  Kirke (D:12)
  A ghost moth (Spider:4)
  5 emperor scorpions
  The ghost of sheala the Cleaver, a journeyman HOFE of Beogh (D:13)
  The ghost of Toogi the Unseen, an adept SpEn of Zin (Shoals:2)
  An entropy weaver (Spider:4)
  4 spark wasps
  2 merfolk impalers
  Josephine (D:14)
  A great orb of eyes (D:13)
  A minotaur (Lab)
  2 fire dragons
  4 ogre magi (Orc:2)
  8 vault guards (D:14)
  An ice dragon (D:15)
  13 hydras
  Harold (Orc:1)
  6 centaur warriors
  25 two-headed ogres
  A satyr (Shoals:3)
  3 tengu warriors (D:14)
  A death scarab (Spider:4)
  5 death yaks
  A spectral emperor scorpion (Spider:4)
  Sonja (D:14)
  The ghost of panurg the Reanimator, a novice DDNe (D:8)
  3 sea snakes
  5 skeletal warriors (D:14)
  5 unseen horrors
  A naga ritualist (D:15)
  4 spectral wolf spiders (Spider:4)
  2 wolf spider zombies
  A lindwurm (Lair:3)
  A harpy (Shoals:3)
  13 orb spiders
  Pikel (D:5)
  20 wolf spiders
  A necromancer (IceCv)
  4 orc knights
  3 orc sorcerers
  A salamander (D:15)
  11 fauns
  A deep elf mage (D:14)
  11 manticores
  7 cyclopes
  4 black mambas
  A moth of wrath (Spider:4)
  8 ugly things
  Joseph (D:7)
  Maurice (D:8)
  4 merfolk sirens (Shoals:2)
  3 water nymphs (Shoals:3)
  An ice statue (IceCv)
  20 spiny frogs
  4 elephants (Lair:5)
  A naga mage (D:15)
  2 torpor snails
  4 centaur skeletons
  5 rime drakes
  A gargoyle (D:15)
  A spectral redback (Spider:4)
  2 rime drakes (shapeshifter)
  7 komodo dragons
  10 freezing wraiths (IceCv)
  6 demonic crawlers
  A yaktaur (D:14)
  2 redback zombies (Spider:4)
  5 trolls
  3 polar bears (Lair:6)
  8 merfolk
  A jumping spider (shapeshifter) (D:13)
  A queen bee (shapeshifter) (D:15)
  29 jumping spiders
  11 hornets
  4 spectral tarantellas (Spider:4)
  A wind drake (Shoals:3)
  3 jumping spider zombies (Spider:4)
  A hornet (shapeshifter) (D:15)
  15 blink frogs
  26 dream sheep
  A tarantella zombie (Spider:4)
  A meliai zombie (D:14)
  3 snapping turtles
  15 hippogriffs
  Sigmund (D:2)
  63 redbacks
  11 spriggans
  3 wraiths (D:14)
  A tarantella (shapeshifter) (D:14)
  6 wyverns
  A water elemental (Shoals:2)
  31 tarantellas
  55 yaks
  A hog (D:12)
  3 basilisks
  2 hungry ghosts
  A steam dragon (D:11)
  9 vampire mosquitoes (D:15)
  2 wargs
  A soldier ant (shapeshifter) (D:14)
  2 water moccasins
  10 porcupines
  An acid dragon (D:15)
  18 orc warriors
  2 black bears (Lair:6)
  2 spectral hornets (Spider:4)
  2 alligator simulacra (IceCv)
  2 necrophages
  10 ice beasts
  A phantom (D:5)
  An eye of draining (D:10)
  3 boggarts (Lair:6)
  34 ogres
  49 wolves
  10 centaurs
  16 crocodiles
  2 big kobolds
  17 bullfrogs
  2 wyvern skeletons
  6 scorpions
  16 killer bees
  2 howler monkeys
  23 wights
  An electric eel (Spider:2)
  5 crimson imps
  A quasit (D:13)
  4 bullfrog zombies
  2 centaur zombies
  5 draconian simulacra (IceCv)
  7 hounds
  14 orc priests
  13 jellies
  19 orc wizards
  4 bullfrog skeletons
  6 iguanas
  Ijyb (D:5)
  Natasha (thrice) (D:4)
  8 hell rats
  A polar bear simulacrum (IceCv)
  A spriggan simulacrum (IceCv)
  3 troll simulacra (IceCv)
  8 worker ants
  A wolf simulacrum (IceCv)
  5 centaur simulacra (IceCv)
  8 mummies (Ossuary)
  4 gnolls (D:8)
  10 adders
  2 naga simulacra (IceCv)
  4 ogre simulacra (IceCv)
  A river rat (D:11)
  2 shadow imps
  12 white imps (IceCv)
  An ooze (Lair:5)
  2 adder skeletons
  An adder zombie (D:8)
  3 dart slugs
  5 worms
  4 leopard geckos
  64 orcs
  6 giant cockroaches
  8 goblins
  6 hobgoblins
  7 jackals
  17 kobolds
  5 quokkas
  2 ball pythons (D:2)
  15 bats
  4 frilled lizards
  4 gnoll zombies (Ossuary)
  4 hobgoblin zombies (Ossuary)
  2 leopard gecko skeletons (D:7)
  6 rats
  A plant (Shoals:1)
1151 creatures vanquished.

Vanquished Creatures (collateral kills)
  A black bear (Lair:6)
  A wolf (Lair:6)
2 creatures vanquished.

Vanquished Creatures (others)
  A redback (Spider:4)
  27 fungi
  11 plants
39 creatures vanquished.

Grand Total: 1192 creatures vanquished

Notes
Turn   | Place    | Note
-------+----------+-------------------------------------------
     0 | D:1      | nekel the Halfling Skald began the quest for the Orb.
     0 | D:1      | Reached XP level 1. HP: 14/14 MP: 3/3
     0 | D:1      | there's no perfection...
   152 | D:1      | Reached skill level 1 in Stealth
   152 | D:1      | Reached XP level 2. HP: 12/19 MP: 4/4
   232 | D:1      | Learned a level 2 spell: Shroud of Golubria
   485 | D:1      | Reached XP level 3. HP: 6/24 MP: 0/5
   692 | D:1      | Reached skill level 2 in Stealth
   982 | D:2      | Reached XP level 4. HP: 23/29 MP: 1/6
  1235 | D:2      | Noticed Sigmund
  1247 | D:2      | Killed Sigmund
  1247 | D:2      | Reached skill level 4 in Stealth
  1247 | D:2      | Reached XP level 5. HP: 34/34 MP: 0/7
  1247 | D:2      | Reached XP level 6. HP: 39/39 MP: 0/8
  2071 | D:3      | Found a stormy altar of Qazlal.
  2121 | D:3      | Found a glowing silver altar of Zin.
  2121 | D:3      | Found a white marble altar of Elyvilon.
  2408 | D:3      | Reached skill level 1 in Throwing
  2578 | D:4      | Noticed Natasha
  2595 | D:4      | Killed Natasha
  2659 | D:4      | Learned a level 3 spell: Regeneration
  2719 | D:4      | Reached XP level 7. HP: 32/44 MP: 4/9
  2847 | D:4      | Noticed Natasha
  2857 | D:4      | Killed Natasha
  3118 | D:4      | Noticed Natasha
  3142 | D:4      | Killed Natasha
  3221 | D:5      | Entered Level 5 of the Dungeon
  3453 | D:5      | Noticed Ijyb
  3460 | D:5      | Killed Ijyb
  3536 | D:5      | Reached XP level 8. HP: 37/49 MP: 5/10
  3630 | D:5      | Reached skill level 5 in Stealth
  3630 | D:5      | Reached skill level 5 in Charms
  3691 | D:5      | Reached skill level 5 in Short Blades
  3797 | D:5      | Noticed Pikel
  3850 | D:5      | Killed Pikel
  3850 | D:5      | Reached skill level 5 in Throwing
  3850 | D:5      | Reached XP level 9. HP: 53/54 MP: 6/11
  4124 | D:5      | Reached skill level 6 in Stealth
  4666 | D:6      | Reached skill level 7 in Stealth
  4750 | D:6      | Found a shimmering altar of Xom.
  4847 | D:6      | Found a deep blue altar of Sif Muna.
  4847 | D:6      | Found a snail-covered altar of Cheibriados.
  5082 | D:7      | Noticed Joseph
  5098 | D:7      | Found a staircase to the Ecumenical Temple.
  5106 | Temple   | Entered the Ecumenical Temple
  5127 | Temple   | Became a worshipper of Warmaster Okawaru
  5170 | D:7      | Found a sand-covered staircase.
  5176 | Ossuary  | Entered an ossuary
  5914 | D:7      | Reached XP level 10. HP: 26/61 MP: 0/12
  6083 | D:7      | Reached * piety under Okawaru
  6083 | D:7      | Reached skill level 1 in Necromancy
  6088 | D:7      | Reached skill level 8 in Stealth
  6728 | D:7      | Killed Joseph
  6728 | D:7      | Reached ** piety under Okawaru
  6728 | D:7      | Reached skill level 9 in Stealth
  6858 | D:8      | Found Astri's Magic Scroll Emporium.
  6862 | D:8      | Noticed panurg's ghost (novice DDNe)
  6902 | D:8      | Killed panurg's ghost
  6902 | D:8      | Reached *** piety under Okawaru
  6938 | D:8      | Found Verphod's Weapon Shoppe.
  6941 | D:8      | Bought 7 curare-tipped needles for 58 gold pieces
  6978 | D:8      | Found a shadowy altar of Dithmenos.
  7023 | D:8      | Noticed a two-headed ogre
  7080 | D:8      | Killed a two-headed ogre
  7080 | D:8      | Reached **** piety under Okawaru
  7167 | D:8      | Noticed a two-headed ogre
  7280 | D:8      | Reached XP level 11. HP: 39/65 MP: 0/13
  7311 | D:8      | Killed a two-headed ogre
  7311 | D:8      | Reached skill level 10 in Stealth
  7382 | D:8      | Learned a level 3 spell: Portal Projectile
  7448 | D:8      | Noticed Maurice
  7495 | D:8      | Killed Maurice
  7495 | D:8      | Reached skill level 1 in Translocations
  7854 | D:8      | Reached skill level 1 in Hexes
  7873 | D:8      | Reached ***** piety under Okawaru
  7908 | D:8      | Bought a +2 long sword of electrocution for 289 gold pieces
  7932 | D:8      | Bought a scroll of blinking for 105 gold pieces
  7932 | D:8      | Bought a scroll of enchant weapon for 105 gold pieces
  7932 | D:8      | Bought a scroll of magic mapping for 49 gold pieces
  7932 | D:8      | Bought a scroll of fog for 28 gold pieces
  7957 | D:9      | Learned a level 1 spell: Apportation
  8051 | D:9      | Noticed a cyclops
  8243 | D:9      | Received a gift from Okawaru
  8268 | D:9      | Reached skill level 1 in Long Blades
  8800 | D:9      | Noticed a two-headed ogre
  8847 | D:9      | Killed a two-headed ogre
  8867 | D:9      | Killed a cyclops
  9024 | D:9      | Paralysed by a hornet for 1 turns
  9162 | D:10     | Entered Level 10 of the Dungeon
  9381 | D:10     | Received a gift from Okawaru
  9414 | D:10     | Reached skill level 1 in Evocations
 10015 | D:11     | Received a gift from Okawaru
 10016 | D:11     | Got a pair of ancient boots {god gift}
 10022 | D:11     | Identified the +2 pair of boots of Heresy {MR++ Stlth+} (Okawaru gifted it to you on level 11 of the Dungeon)
 10063 | D:11     | Noticed a cyclops
 10159 | D:11     | Reached XP level 12. HP: 72/72 MP: 14/14
 10430 | D:11     | Noticed a two-headed ogre
 10483 | D:11     | Killed a two-headed ogre
 10567 | D:11     | Found a staircase to the Orcish Mines.
 10630 | D:11     | Found a staircase to the Lair.
 10630 | D:11     | Noticed a death yak
 10630 | D:11     | Noticed a death yak
 10666 | D:11     | Noticed a death yak
 10815 | D:11     | Killed an unseen horror
 10815 | D:11     | Reached skill level 5 in Necromancy
 11086 | D:11     | Killed a death yak
 11086 | D:11     | Reached skill level 5 in Armour
 11087 | D:11     | Killed a death yak
 11096 | D:11     | Killed a death yak
 11096 | D:11     | Reached skill level 10 in Short Blades
 11275 | D:12     | Noticed a two-headed ogre
 11312 | D:12     | Killed a two-headed ogre
 11312 | D:12     | Received a gift from Okawaru
 11622 | D:12     | Noticed a centaur warrior
 11626 | D:12     | Killed a centaur warrior
 11626 | D:12     | Reached skill level 5 in Evocations
 11713 | D:12     | Noticed Kirke
 11776 | D:13     | Noticed a two-headed ogre
 11869 | D:13     | Killed an unseen horror
 11870 | D:13     | Received a gift from Okawaru
 12027 | D:13     | Noticed a centaur warrior
 12042 | D:13     | Noticed sheala's ghost (journeyman HOFE)
 12188 | Lair:1   | Entered Level 1 of the Lair of Beasts
 12203 | Lair:1   | Reached XP level 13. HP: 76/76 MP: 16/16
 12740 | Lair:1   | Reached skill level 5 in Long Blades
 12936 | Lair:1   | Received a gift from Okawaru
 13045 | Lair:1   | Reached skill level 5 in Translocations
 13224 | Lair:1   | Gained mutation: You are frail. (-10% HP) [potion of mutation]
 13224 | Lair:1   | Gained mutation: You possess an exceptional clarity of mind. [potion of mutation]
 13470 | Lair:2   | Received a gift from Okawaru
 13592 | Lair:2   | Reached ****** piety under Okawaru
 13728 | Lair:2   | Received a gift from Okawaru
 13924 | Lair:2   | Reached skill level 1 in Invocations
 14348 | Lair:3   | Found a staircase to the Shoals.
 14349 | Lair:3   | Noticed a seven-headed hydra
 14554 | Lair:3   | Reached skill level 10 in Charms
 14605 | Lair:3   | Noticed an eight-headed hydra
 14683 | Lair:3   | Killed an eight-headed hydra
 14683 | Lair:3   | Reached skill level 1 in Shields
 14737 | Lair:3   | Received a gift from Okawaru
 14815 | Lair:3   | Noticed a six-headed hydra
 14827 | Lair:3   | Killed an eight-headed hydra
 15000 | Lair:3   | Received a gift from Okawaru
 15136 | Lair:3   | Reached XP level 14. HP: 40/72 MP: 8/17
 15272 | Lair:4   | Found a hole to the Spider Nest.
 15862 | Lair:4   | Reached skill level 5 in Hexes
 16255 | Lair:4   | Received a gift from Okawaru
 16525 | Lair:5   | Received a gift from Okawaru
 16622 | Lair:5   | Reached skill level 11 in Stealth
 16622 | Lair:5   | Reached XP level 15. HP: 63/77 MP: 18/18
 17006 | Lair:5   | Found a staircase to the Slime Pits.
 17205 | Lair:6   | Entered Level 6 of the Lair of Beasts
 17226 | Lair:5   | Received a gift from Okawaru
 17272 | Lair:5   | Identified a +0 pair of boots of running (Okawaru gifted it to you on level 5 of the Lair of Beasts)
 17353 | Lair:5   | Reached skill level 5 in Shields
 17415 | Lair:6   | Reached skill level 5 in Invocations
 17778 | Lair:6   | Reached skill level 12 in Stealth
 17800 | Lair:6   | Lost mutation: You are frail. (-10% HP) [potion of mutation]
 17800 | Lair:6   | Gained mutation: You are somewhat resistant to both further mutation and mutation removal. [potion of mutation]
 18270 | Lair:6   | Reached XP level 16. HP: 91/91 MP: 14/20
 18765 | Lair:6   | Received a gift from Okawaru
 19230 | Lair:6   | Reached skill level 10 in Armour
 19343 | Lair:6   | Reached skill level 5 in Dodging
 19582 | Orc:1    | Entered Level 1 of the Orcish Mines
 19582 | Orc:1    | Noticed Harold
 19676 | Orc:1    | Killed Harold
 19916 | Orc:2    | Entered Level 2 of the Orcish Mines
 19922 | Orc:2    | Found Waxer's Antique Weapon Shoppe.
 19930 | Orc:2    | Found a labyrinth entrance.
 19941 | Lab      | Entered a labyrinth
 20108 | Lab      | Received a gift from Okawaru
 20339 | Lab      | Identified Sif Muna's Compendium of Lethal Ignition
 20400 | Orc:2    | Found Qirivvic's Book Emporium.
 20532 | Orc:2    | Found a staircase to the Elven Halls.
 20586 | Orc:2    | Found a roughly hewn altar of Beogh.
 21703 | Orc:2    | Received a gift from Okawaru
 21730 | Orc:2    | Reached skill level 10 in Throwing
 21779 | Orc:2    | Found Nutexkum's Book Emporium.
 21779 | Orc:2    | Found Kehureti's Weapon Boutique.
 21780 | Orc:2    | Found Pashrusu's Magic Scroll Boutique.
 21780 | Orc:2    | Found Kiupeeleu's Magic Scroll Shoppe.
 21888 | Orc:2    | Bought a scroll of identify for 32 gold pieces
 21888 | Orc:2    | Bought a scroll of identify for 32 gold pieces
 21888 | Orc:2    | Bought a scroll of identify for 32 gold pieces
 21894 | Orc:2    | Bought a scroll of teleportation for 48 gold pieces
 21894 | Orc:2    | Bought a scroll of blinking for 120 gold pieces
 21894 | Orc:2    | Bought a scroll of teleportation for 48 gold pieces
 21894 | Orc:2    | Bought a scroll of magic mapping for 56 gold pieces
 21894 | Orc:2    | Bought a scroll of enchant weapon for 120 gold pieces
 21896 | Orc:2    | Bought a scroll of blinking for 97 gold pieces
 21896 | Orc:2    | Bought a scroll of blinking for 97 gold pieces
 21896 | Orc:2    | Bought a scroll of identify for 26 gold pieces
 21896 | Orc:2    | Bought a scroll of identify for 26 gold pieces
 21896 | Orc:2    | Bought a scroll of enchant armour for 97 gold pieces
 21946 | Orc:2    | Reached XP level 17. HP: 85/99 MP: 21/23
 22226 | D:12     | Killed Kirke
 22356 | D:13     | Killed sheala's ghost
 22879 | D:14     | Found a blossoming altar of Fedhas.
 22879 | D:14     | Found an iron altar of Okawaru.
 23010 | D:14     | Noticed Sonja
 23028 | D:14     | Killed Sonja
 23287 | D:14     | Found a gate to the Vaults.
 23293 | D:14     | Noticed Frances
 23298 | D:14     | Received a gift from Okawaru
 23375 | D:14     | Received a gift from Okawaru
 23507 | D:14     | Received a gift from Okawaru
 23544 | D:14     | Killed Frances
 23837 | D:14     | Noticed Josephine
 23873 | D:14     | Killed Josephine
 23873 | D:14     | Reached skill level 5 in Spellcasting
 24337 | D:14     | Learned a level 3 spell: Ozocubu's Armour
 24577 | D:15     | Entered Level 15 of the Dungeon
 24844 | D:15     | Found a frozen archway.
 24862 | IceCv    | Entered an ice cave
 25110 | IceCv    | Reached XP level 18. HP: 55/108 MP: 20/25
 25178 | IceCv    | Found an ancient bone altar of Kikubaaqudgha.
 25234 | IceCv    | Received a gift from Okawaru
 25291 | IceCv    | Reached skill level 5 in Fighting
 25913 | D:15     | Found Kularoat's Serpentskin Sales.
 26465 | D:15     | Found a staircase to the Depths.
 26711 | D:15     | Learned a level 6 spell: Freezing Cloud
 27051 | Spider:1 | Entered Level 1 of the Spider Nest
 27147 | Spider:1 | Reached skill level 1 in Air Magic
 27443 | Spider:2 | Noticed Roxanne
 27478 | Spider:2 | Noticed Nikola
 27898 | Spider:2 | Killed Nikola
 27955 | Spider:2 | Received a gift from Okawaru
 28121 | Spider:2 | Received a gift from Okawaru
 28530 | Spider:2 | Received a gift from Okawaru
 29000 | Spider:3 | Received a gift from Okawaru
 29020 | Spider:3 | Got a spiked ring mail {god gift}
 29034 | Spider:3 | Identified the +4 ring mail of Bedevilment {MR+ Str-3 Dex+4} (Okawaru gifted it to you on level 3 of the Spider Nest)
 29212 | Spider:3 | Reached skill level 10 in Translocations
 29327 | Spider:4 | Entered Level 4 of the Spider Nest
 29345 | Spider:4 | Reached XP level 19. HP: 113/113 MP: 26/26
 29572 | Spider:4 | Learned a level 3 spell: Confuse
 30038 | Spider:4 | Noticed Toogi's ghost (adept TrHu)
 30084 | Spider:4 | Killed Toogi's ghost
 30084 | Spider:4 | Reached skill level 5 in Air Magic
 30121 | Spider:4 | Reached skill level 10 in Shields
 30423 | Spider:4 | Reached skill level 10 in Long Blades
 30423 | Spider:4 | Reached skill level 10 in Invocations
 30593 | Spider:4 | Received a gift from Okawaru
 31143 | Spider:4 | Got a gossamer rune of Zot
 31394 | Shoals:1 | Entered Level 1 of the Shoals
 31467 | Shoals:1 | Learned a level 5 spell: Silence
 31580 | Shoals:1 | Received a gift from Okawaru
 31583 | Shoals:1 | Got a faintly humming scale mail {god gift}
 31624 | Lair:3   | Identified the +1 scale mail "Kinus" {+Blink rElec rCorr Str-5} (Okawaru gifted it to you on level 1 of the Shoals)
 32186 | Shoals:2 | Noticed Toogi's ghost (adept SpEn)
 32214 | Shoals:2 | Killed Toogi's ghost
 32755 | Shoals:3 | Reached skill level 10 in Dodging
 32767 | Shoals:3 | HP: 4/114 [satyr/sling bullet (26)]
 32913 | Shoals:3 | HP: 4/114 [merfolk/trident (13)]
 33388 | Shoals:3 | Mangled by a faun

Skill      XL: |  1  2  3  4  5  6  7  8  9 10 11 12 13 14 15 16 17 18 19 |
---------------+----------------------------------------------------------+-----
Stealth        | 1 2 4 5 7 9 10 11 12 | 12.0
Short Blades   | 3 4 5 6 8 9 10 | 10.0
Charms         | 4 5 6 7 8 9 10 | 10.0
Throwing       | 2 4 5 7 8 9 10 | 10.0
Armour         | 2 3 4 5 7 9 10 | 10.0
Dodging        | 3 4 6 7 8 10 | 10.0
Fighting       | 2 3 4 5 |  5.5
Necromancy     | 3 4 5 6 7 8 9 |  9.7
Translocations | 2 4 5 6 7 8 9 10 | 10.0
Hexes          | 2 3 4 5 |  5.0
Long Blades    | 3 4 5 6 8 9 10 | 10.0
Evocations     | 1 5 6 7 |  7.8
Invocations    | 2 4 5 7 8 9 10 | 10.0
Shields        | 2 4 5 7 9 10 | 10.0
Spellcasting   | 2 4 5 |  5.0
Air Magic      | 3 8 |  8.1

Action                   |  1- 3 |  4- 6 |  7- 9 | 10-12 | 13-15 | 16-18 | 19-21 || total
-------------------------+-------+-------+-------+-------+-------+-------+-------++-------
Melee: Short sword       |   121 |   139 |   331 |   125 |       |       |       ||   716
       Rapier            |       |       |    82 |   307 |  1280 |  1528 |   846 ||  4043
       Falchion          |       |       |     4 |       |       |       |       ||     4
       Unarmed           |       |       |     3 |       |       |       |       ||     3
       Punch             |       |       |       |     2 |     1 |       |       ||     3
       Long sword        |       |       |       |   116 |   129 |  1102 |       ||  1347
 Fire: Blowgun           |       |    22 |    50 |   287 |   110 |   250 |    55 ||   774
Throw: Tomahawk          |       |       |       |       |     3 |     3 |       ||     6
       Throwing net      |       |       |       |       |       |     4 |       ||     4
 Cast: Infusion          |    24 |    23 |    42 |    28 |     9 |       |       ||   126
       Shroud of Golubri |     1 |    14 |    22 |    30 |    97 |   151 |    49 ||   364
       Regeneration      |       |       |     4 |    29 |    72 |   108 |    56 ||   269
       Apportation       |       |       |       |       |       |    20 |    25 ||    45
       Portal Projectile |       |       |       |       |       |     3 |       ||     3
Invok: Heroism           |       |       |       |    22 |    15 |    44 |    21 ||   102
Evoke: Wand              |       |       |     3 |    18 |     6 |    27 |     7 ||    61
  Use: Potion            |       |     2 |     2 |    15 |     7 |     5 |    11 ||    42
       Scroll            |       |     4 |    10 |    22 |     6 |    17 |    15 ||    74
 Stab: Sleeping          |     2 |     6 |     8 |    23 |    29 |    39 |    19 ||   126
       Distracted        |       |       |     1 |     2 |     1 |     6 |     3 ||    13
       Invisible         |       |       |       |     5 |       |       |       ||     5
       Confused          |       |       |       |       |    10 |    40 |    14 ||    64
       Held in net/web   |       |       |       |       |       |     2 |       ||     2
       Paralysed         |       |       |       |       |       |     1 |       ||     1
  Eat: Chunk             |     1 |     7 |    10 |    25 |    36 |    34 |     8 ||   121
       Royal jelly       |       |       |     3 |       |     2 |     2 |     1 ||     8
       Fruit             |       |       |       |     4 |     1 |    23 |    11 ||    39
       Bread ration      |       |       |       |       |       |       |     1 ||     1
Armor: Leather armour    |    41 |    27 |    72 |    98 |       |       |       ||   238
       Skin              |       |       |       |    27 |       |       |       ||    27
       Ring mail         |       |       |       |    87 |   368 |   545 |   188 ||  1188
Dodge: Dodged            |    91 |    91 |   241 |   467 |   915 |  1555 |   587 ||  3947
Block: Buckler           |       |       |       |       |   160 |   878 |   404 ||  1442
       Shield            |       |       |       |       |       |   120 |       ||   120
       Rpst.: Long sword |       |       |       |    26 |    27 |   139 |       ||   192
